 Dungeon Crawl Stone Soup version 0.29.1-13-g9f3cf754e1 (webtiles) character file.

Game seed: 10119647264470219021

1799 wolfrpgdude the Covered (level 8, 0/74 HPs)
             Began as a Minotaur Fighter on Feb 11, 2023.
             Was a Believer of Okawaru.
             Succumbed to a gnoll's poison
             ... on level 6 of the Dungeon.
             The game lasted 00:10:05 (5808 turns).

wolfrpgdude the Covered (Minotaur Fighter)          Turns: 5808, Time: 00:10:05

Health: 0/74       AC: 20    Str: 22    XL:     8   Next: 83%
Magic:  4/7        EV:  6    Int:  5    God:    Okawaru [**....]
Gold:   259        SH:  5    Dex: 11    Spells: 7/7 levels left

rFire   . . .      SeeInvis .   j - +2 dagger (drain)
rCold   . . .      Faith    .   c - +0 buckler
rNeg    . . .      Spirit   +   r - +0 plate armour
rPois   +          Reflect  .   (helmet restricted)
rElec   +          Harm     .   (no cloak)
rCorr   .          Rampage  .   (no gloves)
Will    +....                   H - +2 pair of boots "Fola" {rElec Will+}
Stlth   ..........              k - amulet of guardian spirit
HPRegen 0.22/turn               x - ring of poison resistance
MPRegen 0.10/turn               G - +4 ring of protection

@: lethally poisoned (0 -> -5)
A: horns 2, retaliatory headbutt
a: Renounce Religion, Heroism


You were on level 6 of the Dungeon.
You worshipped Okawaru.
Okawaru was pleased with you.
You visited 2 branches of the dungeon, and saw 7 of its levels.

You collected 259 gold pieces.

Inventory:

Hand Weapons
 a - a +0 long sword
 j - a +2 dagger of draining (weapon)
Armour
 b - a +0 scale mail
 c - a +0 buckler (worn)
 r - a +0 plate armour (worn)
 H - the +2 pair of boots "Fola" (worn) {rElec Will+}
   (You found it on level 5 of the Dungeon)

   rElec:     It insulates you from electricity.
   Will:      It increases your willpower.
Jewellery
 k - an amulet of guardian spirit (around neck)
 u - a ring of ice
 x - a ring of poison resistance (left hand)
 z - a ring of positive energy
 E - an amulet of the acrobat
 G - a +4 ring of protection (right hand)
Wands
 q - a wand of mindburst (12)
 y - a wand of flame (39)
 A - a wand of digging (4)
 B - a wand of polymorph (11)
 D - a wand of quicksilver (4)
Scrolls
 e - 3 scrolls of teleportation
 g - 5 scrolls of identify
 i - a scroll of blinking {unknown}
 l - 2 scrolls of fear {unknown}
 n - 2 scrolls of vulnerability {unknown}
 s - 2 scrolls of poison {unknown}
 t - a scroll of immolation {unknown}
 v - a scroll of noise {unknown}
Potions
 d - 2 potions of might
 f - 2 potions of curing
 h - 2 potions of degeneration {unknown}
 m - 3 potions of resistance {unknown}
 o - a potion of berserk rage {unknown}
 p - a potion of invisibility {unknown}
 w - a potion of ambrosia {unknown}
 C - 2 potions of mutation {unknown}
 F - a potion of haste {unknown}


   Skills:
 + Level 7.7 Fighting
 + Level 7.2 Long Blades
 + Level 7.8 Armour
 + Level 7.7 Shields


You had 7 spell levels left.
You didn't know any spells.
Your spell library contained the following spells:

 Spells                   Type           Power      Damage    Failure   Level
 Blink                    Tloc           0%         N/A       100%        2
 Dazzling Flash           Conj/Hex       0%         N/A       100%        3
 Ozocubu's Armour         Ice            0%         N/A       100%        3
 Agony                    Necr           0%         N/A       100%        5
 Manifold Assault         Tloc           0%         N/A       100%        5
 Silence                  Hex/Air        0%         N/A       100%        5
 Ozocubu's Refrigeration  Ice            0%         4d7       100%        7
 Storm Form               Tmut/Air       0%         N/A       100%        7


Dungeon Overview and Level Annotations

Branches:
Dungeon (6/15)             Temple (1/1) D:4

Altars:
Ashenzari
Cheibriados
Elyvilon
Fedhas
Gozag
Hepliaklqana
Kikubaaqudgha
Makhleb
Nemelex Xobeh
Okawaru
Qazlal
Ru
Sif Muna
Trog
Uskayaw
Vehumet
Wu Jian
Xom
Yredelemnul
Zin
The Shining One

Shops:
D:1 !   D:3 (   D:4 !:(?

Annotations:
D:6 1 runed translucent door, tesmudgin's ghost, novice MiFi


Innate Abilities, Weirdness & Mutations

You have a pair of horns on your head.
You reflexively headbutt those who attack you in melee.


Message History

The gnoll hits you with a +2 halberd of venom.
* * * LOW HITPOINT WARNING * * *
You hit the gnoll. You drain the gnoll.
The gnoll is severely wounded.
The gnoll barely misses you. You furiously retaliate!
You headbutt the gnoll!
You kill the gnoll!
Okawaru accepts your kill. The gnoll hits you but does no damage.
You hit the gnoll but do no damage. You drain the gnoll.
You headbutt the gnoll, but do no damage.
The gnoll is almost dead.
You closely miss the gnoll. Your headbutt misses the gnoll.
The gnoll is almost dead.
The gnoll hits you but does no damage.
You are poisoned.
You barely miss the gnoll.
The gnoll is almost dead.
You feel sick.
The gnoll hits you with a +2 halberd of venom.
* * * LOW HITPOINT WARNING * * *
You are lethally poisoned!
You barely miss the gnoll. Your headbutt misses the gnoll.
The gnoll is almost dead.
* * * LOW HITPOINT WARNING * * *
You feel very sick. The gnoll hits you but does no damage.
You hit the gnoll. You drain the gnoll.
You kill the gnoll!
Okawaru accepts your kill.
* * * LOW HITPOINT WARNING * * *
You feel sick.
* * * LOW HITPOINT WARNING * * *
You feel very sick.
You see here a +2 halberd of venom.
* * * LOW HITPOINT WARNING * * *
You feel sick.
* * * LOW HITPOINT WARNING * * *
You feel sick.
Found a stone staircase leading up.
You die...

... ..# . ...##.# ..
.....# ..< ..... #...
#..# #########.
#....#./#######....... .
#..........?)).^.###.# .
#......@..)........#.##.
#...........)...........
#....##...#####.#.##....
........#.# #.#.......
.## #####.# #.#####...
#.# #....(..#.
...########.....
.....#......##.#
#.#.####.# .#


There were no monsters in sight!

Vanquished Creatures
  Duvessa (D:4)
  3 black bears
  A sky beast (D:4)
  An ogre (D:6)
  A phantom (D:5)
  A gnoll sergeant (D:6)
  A necrophage (D:5)
  4 scorpions
  A bullfrog (D:6)
  2 water moccasin zombies (D:5)
  A wyvern skeleton (D:5)
  Dowan (D:4)
  2 bullfrog zombies (D:5)
  3 jellies
  2 hounds
  A gnoll bouda (D:5)
  Ijyb (D:5)
  A hound zombie (D:5)
  Robin (D:3)
  7 gnolls
  10 adders
  A shadow imp (D:6)
  6 dart slugs
  2 worms
  An orc (D:6)
  A bat (D:1)
  6 endoplasms
  3 giant cockroaches (D:2)
  14 hobgoblins
  2 jackals (D:2)
  5 quokkas
  6 ball pythons
  A frilled lizard (D:2)
  11 goblins
  10 kobolds
  3 rats
118 creatures vanquished.

Notes
Turn   | Place    | Note
-------+----------+-------------------------------------------
     0 | D:1      | wolfrpgdude the Minotaur Fighter began the quest for the
                  | Orb.
     0 | D:1      | Reached XP level 1. HP: 19/19 MP: 0/0
   106 | D:1      | Found Murgh's Distillery.
   329 | D:1      | Reached XP level 2. HP: 27/27 MP: 1/1
   616 | D:1      | Reached XP level 3. HP: 31/33 MP: 2/2
   620 | D:1      | Found a faded altar of an unknown god.
   620 | D:1      | Noticed a chaos spawn
  1308 | D:2      | Reached XP level 4. HP: 37/41 MP: 3/3
  2259 | D:3      | Found Inyanuidd's Weapon Emporium.
  2267 | D:3      | Noticed Robin
  2297 | D:3      | Killed Robin
  2762 | D:4      | Reached XP level 5. HP: 26/47 MP: 4/4
  2821 | D:4      | Noticed a black bear
  2837 | D:4      | Killed a black bear
  2838 | D:4      | Reached skill level 5 in Fighting
  2838 | D:4      | Reached skill level 5 in Armour
  2838 | D:4      | Reached skill level 5 in Shields
  2839 | D:4      | HP: 2/48 [frozen (3)]
  2906 | D:4      | Found Goirif's Book Shop.
  2916 | D:4      | Reached XP level 6. HP: 8/56 MP: 5/5
  3290 | D:4      | Found Hyotz's Magic Scroll Shop.
  3331 | D:4      | Found Piab's Weapon Shoppe.
  3378 | D:4      | Noticed Dowan
  3381 | D:4      | Noticed Duvessa
  3396 | D:4      | Killed Duvessa
  3419 | D:4      | Killed Dowan
  3440 | D:4      | Noticed a sky beast
  3453 | D:4      | Killed a sky beast
  3454 | D:4      | Reached skill level 5 in Long Blades
  3454 | D:4      | Reached XP level 7. HP: 35/62 MP: 6/6
  3664 | D:4      | Found Ciptampy's Distillery.
  3701 | D:4      | Found a staircase to the Ecumenical Temple.
  3712 | Temple   | Entered the Ecumenical Temple
  3805 | Temple   | Became a worshipper of Warmaster Okawaru
  4110 | D:5      | Entered Level 5 of the Dungeon
  4632 | D:5      | Noticed Ijyb
  4650 | D:5      | Killed Ijyb
  4666 | D:5      | Reached * piety under Okawaru
  4724 | D:5      | Reached XP level 8. HP: 32/71 MP: 7/7
  5243 | D:5      | Identified the +2 pair of boots "Fola" {rElec Will+}
  5517 | D:6      | Reached ** piety under Okawaru
  5691 | D:6      | Found a runed translucent door.
  5696 | D:6      | Noticed tesmudgin's ghost (novice MiFi)
  5807 | D:6      | HP: 2/74 [poisoned by a gnoll]
  5808 | D:6      | Succumbed to a gnoll's poison

Illustrated notes

Levels and vault maps discovered:
D:1:      dpeg_arrival_radiant, layout_loops_ring,
          dreamdust_ecumenical_altar_sealed_demon, serial_shops,
          nicolae_shop_behind_doors
D:2:      layout_basic
D:3:      layout_basic, serial_shops, shop, uniq_robin
D:4:      layout_rooms, minmay_temple_entry_glassed_door, serial_shops,
          nicolae_take_the_stairs, nicolae_shop_statue_plus, shop,
          nicolae_shop_advertising_works [nicolae_subvault_shop_adworks],
          minmay_fountain_box, roderic_roman_lattice, uniq_duvessa
D:5:      layout_cave_pools, serial_undead, serial_undead_c, serial_undead_a,
          serial_undead_e, serial_undead_c, serial_undead_f, uniq_ijyb
D:6:      layout_basic, ebering_ghost_reflecting_pool
Temple:   kilobyte_greek_temple

Skill      XL: |  1  2  3  4  5  6  7  8 |
---------------+-------------------------+-----
Fighting       | 4 5 6 7 |  7.7
Armour         | 4 5 6 7 |  7.8
Shields        | 4 5 6 7 |  7.7
Long Blades    | 3 4 5 6 7 |  7.2

Action                   |  1- 3 |  4- 6 |  7- 9 || total
-------------------------+-------+-------+-------++-------
Melee: Long sword        |    48 |       |       ||    48
       Headbutt          |    18 |    17 |    49 ||    84
       Dagger            |    30 |   151 |   216 ||   397
  Use: Scroll            |       |     2 |       ||     2
       Potion            |       |       |     2 ||     2
Armor: Scale mail        |    24 |     9 |       ||    33
       Plate armour      |       |   112 |   163 ||   275
Dodge: Dodged            |    39 |    45 |    65 ||   149
Block: Buckler           |    23 |    37 |    53 ||   113
